 Dungeon Crawl Stone Soup version 0.20-a0-672-gd6c3c51 (console) character file.

4 Goblin1989 the Charmwright (level 1, 0/16 HPs)
             Began as a Demonspawn Skald on Feb 17, 2017.
             Slain by a kobold
             ... wielding a +0 whip
              (2 damage)
             ... on level 1 of the Dungeon.
             The game lasted 00:00:53 (81 turns).

Goblin1989 the Charmwright (Demonspawn Skald)         Turns: 81, Time: 00:00:53

Health: 0/16       AC:  3    Str: 11    XL:     1   Next: 50%
Magic:  3/3        EV: 11    Int: 14    God:
Gold:   15         SH:  0    Dex: 12    Spells: 3/4 levels left

rFire    . . .     SeeInvis .   a - +0 falchion
rCold    . . .     Gourm    .   b - +0 leather armour
rNeg     . . .     Faith    .   (no shield)
rPois    .         Spirit   .   (no helmet)
rElec    .         Reflect  .   (no cloak)
rCorr    .         Harm     .   (no gloves)
MR       .....                  (no boots)
Stlth    +.........             (no amulet)
Regen    0.1/turn               (no ring)
MPRegen  0.1/turn               (no ring)

@: no status effects
A: no striking features
a: no special abilities


You were on level 1 of the Dungeon.
You were not hungry.

You visited 1 branch of the dungeon, and saw 1 of its levels.

You collected 15 gold pieces.

Inventory:

Hand Weapons
 a - a +0 falchion (weapon)
Armour
 b - a +0 leather armour (worn)
Scrolls
 f - a scroll of noise {unknown}
Books
 c - a book of Battle

   Spells                             Type                      Level
   a - Infusion                       Charms                       1
   b - Shroud of Golubria             Charms/Translocation         2
   c - Song of Slaying                Charms                       2
   d - Spectral Weapon                Hexes/Charms                 3
   e - Regeneration                   Charms/Necromancy            3
Comestibles
 d - a chunk of flesh
 e - a bread ration {@e1}


   Skills:
 - Level 2.0 Fighting
 + Level 2.1 Long Blades
 - Level 0.8 Armour
 - Level 1.7 Dodging
 - Level 2.0 Spellcasting
 - Level 2.6 Charms


You had 3 spell levels left.
You knew the following spells:

 Your Spells              Type           Power        Failure   Level  Hunger
a - Infusion              Chrm           #...         12%         1    ##.....


Dungeon Overview and Level Annotations

Branches:
Dungeon (1/15)

Altars:


Message History

The dart slug is moderately wounded.
You see here a scroll labeled BOS QEIR HOP.
You now have 1/3 mp.
You hit the dart slug.
The dart slug is heavily wounded.
The dart slug bites you but does no damage.
You now have 0/3 mp.
You hit the dart slug.
The dart slug is severely wounded.
The dart slug bites you but does no damage.
You hit the dart slug but do no damage.
The dart slug is severely wounded.
The dart slug bites you.
You take 1 damage, and have 15/16 hp.
You hit the dart slug.
You kill the dart slug!
Your Long Blades skill increases to level 2!
You see here a dart slug corpse.
You see here a dart slug corpse.
You butcher the dart slug corpse.
d - a chunk of flesh You start resting.
Your magical infusion is running out.
Unknown command.
You start resting.
HP restored.
Health restored: 16 Unknown command.
You start resting.
You are no longer magically infusing your attacks.
Unknown command.
You start resting.
Magic restored.
MP restored: 3
f - a scroll labeled BOS QEIR HOP A giant cockroach comes into view.
Found a stone staircase leading down.
A rat and a goblin come into view.
The goblin shouts!
You hear a shout!
The goblin hits you but does no damage.
You barely miss the goblin. The goblin hits you with a club.
A kobold comes into view. It is wielding a whip.
You take 4 damage, and have 12/16 hp.
O_OOPS!!
MASSIVE DAMAGE!!
You miss the goblin. The goblin barely misses you.
The giant cockroach bites you but does no damage.
You completely miss the goblin.
The giant cockroach bites you but does no damage.
The goblin closely misses you.
You riposte.
You barely miss the goblin.
The giant cockroach bites you but does no damage.
The rat bites you but does no damage. The goblin hits you with a club.
You take 4 damage, and have 8/16 hp.
O_OOPS!!
MASSIVE DAMAGE!!
You are too injured to fight recklessly!
You are too injured to fight recklessly!
You are too injured to fight recklessly!
You are too injured to fight recklessly!
You are too injured to fight recklessly!
You are too injured to fight recklessly!
You are too injured to fight recklessly!
You are too injured to fight recklessly!
You are too injured to fight recklessly!
You are too injured to fight recklessly!
You are too injured to fight recklessly!
You are too injured to fight recklessly!
You are too injured to fight recklessly!
You are too injured to fight recklessly!
You are too injured to fight recklessly!
You are too injured to fight recklessly!
You are too injured to fight recklessly!
You are too injured to fight recklessly!
You are too injured to fight recklessly!
You are too injured to fight recklessly!
You are too injured to fight recklessly!
You are too injured to fight recklessly!
You are too injured to fight recklessly!
The rat barely misses you. The giant cockroach closely misses you.
You hit the giant cockroach.
The giant cockroach is moderately wounded.
The giant cockroach bites you but does no damage.
You closely miss the giant cockroach.
The giant cockroach is moderately wounded.
The giant cockroach barely misses you.
You riposte.
You hit the giant cockroach.
You kill the giant cockroach!
You barely miss the kobold. The kobold closely misses you.
You hit the kobold.
The kobold is severely wounded.
The kobold closely misses you.
You closely miss the kobold.
The kobold is severely wounded.
The goblin closely misses you. The kobold hits you with a whip.
* * * LOW HITPOINT WARNING * * *
The goblin misses you.
You take 2 damage, and have 7/16 hp.
You hit the kobold but do no damage.
The kobold is severely wounded.
The kobold hits you but does no damage. The goblin hits you with a club.
* * * LOW HITPOINT WARNING * * *
The kobold hits you with a whip.
You die...

...... █..█.█ .. █>.█.█
█.. █..█.█ █.███
██..█.███████...
█..............
██..█r███████.█
█..█K█.█████.█
.██..█@█.██....♣♣♣♣♣♣♣♣
█.....g...██.██.♣<......
███████......██.♣♣PPPPP.
█.█..████...P≈≈≈P.
█.██.█ ██♣.P≈8≈P. █.██.█
♣.P≈≈≈P.


██████ ♣.PPPPP. ♣....... ♣♣♣♣♣♣♣♣ You could see a goblin, a kobold and a rat.

Vanquished Creatures
  A dart slug (D:1)
  A giant cockroach (D:1)
2 creatures vanquished.

Notes
Turn   | Place    | Note
-------+----------+-------------------------------------------
     0 | D:1      | Goblin1989 the Demonspawn Skald began the quest for the Orb.
     0 | D:1      | Reached XP level 1. HP: 16/16 MP: 3/3
    81 | D:1      | Slain by a kobold

Vault maps used:
D:1:      tarquinn_simple_flora_water_a

Skill      XL: |  1 |
---------------+----+-----
Long Blades    | 2 |  2.1
Fighting       | |  2.0
Armour         | |  0.8
Dodging        | |  1.7
Spellcasting   | |  2.0
Charms         | |  2.6

Action                   || total
-------------------------++-------
Melee: Falchion          ||    13
 Cast: Infusion          ||     1
Armor: Leather armour    ||     8
Dodge: Dodged            ||    10
       Rpst.: Falchion   ||     3

Vault maps used:
D:1:      tarquinn_simple_flora_water_a
